 Dungeon Crawl Stone Soup version 0.31-a0-210-gccc998df9b (webtiles) character file.

Game seed: 4156984097418138368

105935 qw the Severer (level 16, -3/105 HPs)
             Began as a Gargoyle Fighter on June 30, 2023.
             Was an Elder of Okawaru.
             Killed by divine providence
             ... invoked by an orc high priest
              (16 damage)
             ... on level 2 of the Orcish Mines.
             The game lasted 00:12:49 (22659 turns).

qw the Severer (Gargoyle Fighter)                  Turns: 22659, Time: 00:12:49

Health: -3/105     AC: 57    Str: 26    XL:     16   Next: 42%
Magic:  41/41      EV: 10    Int: 11    God:    Okawaru [****..]
Gold:   2328       SH: 13    Dex: 15    Spells: 15/15 levels left

rFire   + . .        h - +5 war axe (spect)
rCold   . . .        B - +0 kite shield {rPois}
rNeg    + . .        o - +8 crystal plate armour {ponderous}
rPois   inf          (no helmet)
rElec   +            j - +4 cloak of Baldness {rPois Stlth+}
rCorr   .            g - +2 pair of gloves
SInv    .            (no boots)
Will    .....        (no amulet) Stlth
                     m - ring "Kalonkuh" {rPois rF+ Will- MP+9 Dex+6 Slay+3}
HPRegen 0.37/turn    x - ring of Hoamycia {MP+9 Slay+5}
MPRegen 0.27/turn

%: no passive effects
@: about to teleport, heroic, flying, slow
A: sickness immunity, AC +12, big wings, negative energy resistance 1,
electricity resistance, torment resistance 1, petrification resistance
a: Renounce Religion, Heroism, Finesse


You were on level 2 of the Orcish Mines.
You worshipped Okawaru.
Okawaru was greatly pleased with you.
You visited 4 branches of the dungeon, and saw 23 of its levels.

You collected 2328 gold pieces.


Innate Abilities, Weirdness & Mutations

You are immune to sickness and miasma.
Your stone body is resilient. (AC +12)
You are immune to poison.
Your large and strong wings let you fly.
You resist negative energy. (rN+)
You are resistant to electric shocks. (rElec)
You are resistant to unholy torment.
You are immune to petrification.


   Skills:
 - Level 13.7(18.7) Fighting
 - Level 16.0(21.0) Axes
 - Level 4.6(9.6) Throwing
 - Level 16.0(21.0) Armour
 - Level 4.2(9.2) Dodging
 + Level 10.1(15.1) Shields
 - Level 10.0 Invocations


You had 15 spell levels left.
You didn't know any spells.
Your spell library was empty.

Inventory:

Hand Weapons
 h - a +5 spectral war axe (weapon)
 l - a +0 broad axe of flaming
 A - a +3 broad axe
Missiles
 s - 18 boomerangs (quivered)
Armour
 g - a +2 pair of gloves (worn)
 j - the +4 cloak of Baldness (worn) {rPois Stlth+}
   (You found it on level 9 of the Dungeon)

   rPois:     It protects you from poison.
   Stlth:     It makes you more stealthy.
 o - a +8 crystal plate armour of ponderousness (worn)
 B - a +0 kite shield of poison resistance (worn)
Jewellery
 m - the ring "Kalonkuh" (left hand) {rPois rF+ Will- MP+9 Dex+6 Slay+3}
   (You found it on level 2 of the Dungeon)

   [ring of dexterity]

   Dex:       It affects your dexterity (+6).
   Slay:      It affects your accuracy & damage with ranged weapons and melee
   (+3).
   rF:        It protects you from fire.
   rPois:     It protects you from poison.
   MP:        It affects your magic capacity (+9).
   Will:      It decreases your willpower.
 n - a +5 ring of evasion
 x - the ring of Hoamycia (right hand) {MP+9 Slay+5}
   (You found it on level 2 of the Lair of Beasts)

   [ring of magical power]

   Slay:      It affects your accuracy & damage with ranged weapons and melee
   (+5).
   MP:        It affects your magic capacity (+9).
Scrolls
 a - 9 scrolls of identify
 u - 6 scrolls of teleportation
Potions
 b - 3 potions of haste
 d - 9 potions of might
 e - a potion of mutation
 f - a potion of cancellation
 i - 2 potions of lignification
 k - a potion of enlightenment
 p - 3 potions of curing
 q - 5 potions of magic
 r - 5 potions of heal wounds
 t - a potion of attraction
 w - a potion of resistance

Dungeon Overview and Level Annotations

Branches:
Dungeon (15/15)            Temple (1/1) D:5            Lair (5/5) D:11
 Shoals (0/4) Lair:3       Spider (0/4) Lair:3        Slime (0/5) Lair:5
    Orc (2/2) D:11            Elf (0/3) Orc:2        Vaults (0/5) D:13
 Depths (0/4) D:15

Altars:
Ashenzari
Cheibriados
Dithmenos
Elyvilon
Fedhas
Gozag
Hepliaklqana
Kikubaaqudgha
Makhleb
Nemelex Xobeh
Okawaru
Qazlal
Ru
Sif Muna
Trog
Uskayaw
Vehumet
Wu Jian
Xom
Yredelemnul
Zin
The Shining One
Jiyva

Shops:
Orc:1 :

Annotations:
D:4 1 runed translucent door, Crazy Yiuf
D:15 3 runed translucent doors, Kefanin's ghost, adept GrEE
Lair:3 exclusion: culicivora


Message History

Okawaru accepts your kill.
Your +5 spectral war axe disappears.
Your surroundings suddenly seem different. 22 orcs come into view.
An orc priest is wielding a +2 falchion of protection.
An orc warrior is wielding a +0 war axe and wearing a +1 plate armour of cold resistance.
The orc high priest shouts!
The orc knight shouts! x3; The orc priest shouts! x2
The orc shouts! x2; The orc warrior shouts! x3; The orc shouts! x2
The orc warrior shouts!
The orc priest shouts! x2; The orc warrior shouts!
The orc knight shouts!
The orc high priest shouts!
You hear a shout!
The orc high priest calls down the wrath of Beogh upon you.
Beogh smites you! The orc warrior closely misses you.
The orc high priest calls down the wrath of Beogh upon you.
Beogh smites you!
An orc warrior comes into view. It is wielding a +0 long sword.
An orc knight comes into view.
It is wielding a +2 great mace of draining.
The orc knight roars a battlecry!
The orcs go into a battle-frenzy!
An orc priest comes into view. It is wielding a +0 trident.
The orc hits you but does no damage.
The orc priest hits you but does no damage.
The orc knight moves out of view.
Enter note:
Enter note:
Enter note:
Enter note:
Enter note:
Enter note:
Enter note:
Enter note:
Enter note:
Enter note:
Enter note:
Enter note:
22659 ||| READING 7 scrolls of teleportation.
As you read the scroll of teleportation, it crumbles to dust.
You feel strangely unstable.
The orc priest shouts!
The orc high priest calls down the wrath of Beogh upon you.
Beogh smites you!
You die... # ##### . ###..o. ## . ##..... ... ## ..... ... .. .oo

.. .
#.#.#.#o#.#.#.#
.
.....oo@.oo.o..
.
#.#...oo...o.o.
.
......o.ooo...o
.
#.#.#.#.#o#.#.#
. # # .o.....
..o . #....o...
.. . ## ... .o.
. . ###..o..#


You could see 4 orc knights, 2 orc high priests, 7 orc warriors, 6 orc priests
and 5 orcs.

Vanquished Creatures
  Rupert (Lair:4)
  Jorgrun (D:14)
  Gastronok (D:8)
  A very ugly thing (D:14)
  A dire elephant (D:15)
  4 vault guards (D:13)
  A rakshasa (D:15)
  2 hydras
  6 boulder beetles
  A catoblepas (D:13)
  4 ogre magi
  5 centaur warriors
  13 two-headed ogres
  2 tengu warriors (D:15)
  9 death yaks
  Amaemon (D:11)
  2 skysharks
  3 orc knights
  2 wizards
  Pikel (D:4)
  5 deep elf pyromancers
  2 oklob plants
  An orc sorcerer (Orc:2)
  3 ugly things
  A wolf spider (D:15)
  A salamander (D:15)
  A moth of wrath (shapeshifter) (D:15)
  9 elephants
  6 cyclopes
  6 manticores
  7 black mambas
  Joseph (D:8)
  3 gargoyles
  An orange demon (D:11)
  2 unseen horrors
  9 komodo dragons
  2 freezing wraiths
  25 cane toads
  A rime drake (Lair:3)
  A tengu conjurer (D:14)
  A yaktaur (D:13)
  3 trolls
  A yaktaur (shapeshifter) (D:14)
  3 meliai (D:14)
  4 tyrant leeches (Lair:5)
  4 polar bears
  4 hornets
  5 dream sheep (Lair:5)
  21 blink frogs
  A snapping turtle (Lair:3)
  Sigmund (D:5)
  3 culicivoras (Lair:3)
  A wyvern (Lair:4)
  8 slime creatures (D:15)
  4 water elementals (D:15)
  3 wraiths
  27 yaks
  A human (shapeshifter) (D:14)
  A human (D:13)
  4 basilisks
  4 redbacks (Lair:3)
  3 steam dragons
  9 vampire mosquitoes
  Menkaure (D:6)
  Edmund (D:6)
  3 wargs (Orc:1)
  17 water moccasins
  4 acid dragons
  Duvessa (D:6)
  30 orc warriors
  2 black bears
  An ice beast (D:5)
  7 ogres
  5 boggarts (D:14)
  5 wolves (Lair:4)
  2 phantoms
  9 centaurs
  15 bullfrogs
  Blork the orc (D:4)
  5 kobold brigands
  3 gnoll sergeants
  A scorpion (D:6)
  3 wights (D:7)
  Dowan (D:6)
  A killer bee (D:5)
  5 howler monkeys
  2 electric eels
  2 hounds
  2 jellies
  13 orc priests
  A sleepcap (D:8)
  2 gnoll boudas
  22 orc wizards
  Ijyb (D:4)
  2 iguanas
  28 gnolls
  6 adders
  A white imp (D:6)
  An ufetubus (D:6)
  3 worms (D:3)
  3 dart slugs
  86 orcs
  6 ball pythons
  7 endoplasms
  5 giant cockroaches
  6 goblins
  7 hobgoblins
  6 jackals
  27 kobolds
  4 quokkas
  8 bats
  4 frilled lizards
  4 rats
646 creatures vanquished.

Vanquished Creatures (others)
  Erica (Lair:1)
  An orc wizard (Orc:2)
  8 spectral weapons
10 creatures vanquished.

Grand Total: 656 creatures vanquished

Notes
Turn   | Place    | Note
-------+----------+-------------------------------------------
     0 | D:1      | qw the Gargoyle Fighter began the quest for the Orb.
     0 | D:1      | Reached XP level 1. HP: 14/14 MP: 1/1
     0 | D:1      | 0 ||| qw: Version: 0.3-a-26-gee661ec
     0 | D:1      | 0 ||| qw: Game counter: 7195
     0 | D:1      | 0 ||| qw: Melee chars always use a shield: true
     0 | D:1      | 0 ||| qw: God list: Okawaru
     0 | D:1      | 0 ||| qw: Allow faded altars: false
     0 | D:1      | 0 ||| qw: Do Orc after clearing Dungeon:15 true
     0 | D:1      | 0 ||| qw: Do second Lair branch before Depths: true
     0 | D:1      | 0 ||| qw: Lair rune preference: random
     0 | D:1      | 0 ||| qw: Goals: Normal, Zot:1-4, Slime:5, God:TSO, Crypt,
                  | Tomb, Abyss, Pan, Hells, Win
     0 | D:1      | 0 ||| PLANNING D:1-11
   112 | D:1      | Reached XP level 2. HP: 19/19 MP: 2/2
   437 | D:1      | Reached skill level 3 in Axes
   513 | D:1      | Reached XP level 3. HP: 20/23 MP: 3/3
   964 | D:1      | 964 ||| UPGRADING to +1 chain mail of cold resistance.
   974 | D:1      | 974 ||| DROPPING +0 scale mail.
   975 | D:1      | 975 ||| READING 2 scrolls labelled ISOBLA MOTOONIALO.
   976 | D:1      | 976 ||| READING scroll labelled WYMUEC APTADD.
  1044 | D:2      | 1044 ||| DROPPING +0 club.
  1205 | D:2      | Identified the ring "Kalonkuh" {rPois rF+ Will- MP+9 Dex+6
                  | Slay+3}
  1341 | D:2      | 1341 ||| UPGRADING to ring "Kalonkuh" {rPois rF+ Will- MP+9
                  | Dex+6 Slay+3}.
  1411 | D:2      | 1411 ||| READING scroll labelled DUOLOP VONNOE.
  1412 | D:2      | 1412 ||| READING scroll labelled FIADAX HYPUSSE.
  1413 | D:2      | 1413 ||| READING 3 scrolls labelled LITSAULIVA.
  1414 | D:2      | 1414 ||| DRINKING 2 puce potions.
  1415 | D:2      | 1415 ||| READING 3 scrolls of identify.
  1415 | D:2      | 1415 ||| IDENTIFYING viscous ruby potion
  1416 | D:2      | 1416 ||| READING 2 scrolls of identify.
  1416 | D:2      | 1416 ||| IDENTIFYING bubbling red potion
  1417 | D:2      | 1417 ||| DROPPING 2 scrolls of revelation.
  1553 | D:3      | Found an ornate altar of the Wu Jian Council.
  1586 | D:3      | Reached XP level 4. HP: 28/28 MP: 4/4
  1693 | D:3      | 1693 ||| DROPPING +0 mace.
  1718 | D:3      | 1718 ||| Stepping ~*~*~tactically~*~*~ (stealth).
  1719 | D:3      | 1719 ||| Stepping ~*~*~tactically~*~*~ (stealth).
  1748 | D:3      | 1748 ||| Stepping ~*~*~tactically~*~*~ (hiding).
  1760 | D:3      | Reached skill level 1 in Dodging
  1760 | D:3      | Reached XP level 5. HP: 32/32 MP: 5/5
  1941 | D:3      | Found a shimmering blue altar of Sif Muna.
  2101 | D:3      | 2101 ||| UPGRADING to +2 cloak.
  2106 | D:3      | 2106 ||| READING scroll labelled LETAAG GEOTHEU.
  2189 | D:4      | Found a basalt altar of Yredelemnul.
  2196 | D:4      | 2196 ||| Stepping ~*~*~tactically~*~*~ (hiding).
  2243 | D:4      | 2243 ||| Stepping ~*~*~tactically~*~*~ (stealth).
  2245 | D:4      | 2245 ||| Stepping ~*~*~tactically~*~*~ (stealth).
  2306 | D:4      | Noticed a phantom
  2320 | D:4      | Killed a phantom
  2321 | D:4      | Reached XP level 6. HP: 34/37 MP: 6/6
  2338 | D:4      | 2338 ||| FLEEEEING.
  2339 | D:4      | 2339 ||| FLEEEEING.
  2340 | D:4      | 2340 ||| FLEEEEING.
  2409 | D:4      | 2409 ||| Stepping ~*~*~tactically~*~*~ (stealth).
  2411 | D:4      | 2411 ||| Stepping ~*~*~tactically~*~*~ (hiding).
  2586 | D:4      | Noticed Pikel
  2603 | D:4      | Killed Pikel
  2604 | D:4      | Reached XP level 7. HP: 32/43 MP: 7/7
  2672 | D:4      | Found a runed translucent door.
  2673 | D:4      | Noticed Crazy Yiuf
  2759 | D:4      | Noticed Blork the orc
  2766 | D:4      | Killed Blork the orc
  2799 | D:4      | Reached XP level 8. HP: 46/49 MP: 8/8
  2827 | D:4      | 2827 ||| Stepping ~*~*~tactically~*~*~ (stealth).
  2829 | D:4      | 2829 ||| Stepping ~*~*~tactically~*~*~ (hiding).
  2830 | D:4      | 2830 ||| Stepping ~*~*~tactically~*~*~ (hiding).
  2962 | D:4      | Noticed Ijyb
  2967 | D:4      | Paralysed by Ijyb for 5 turns
  2974 | D:4      | Killed Ijyb
  3084 | D:4      | 3084 ||| UPGRADING to +0 pair of gloves.
  3089 | D:4      | 3089 ||| UPGRADING to +0 plate armour.
  3099 | D:4      | 3099 ||| DRINKING 2 metallic coppery potions.
  3186 | D:5      | Entered Level 5 of the Dungeon
  3366 | D:5      | Found a staircase to the Ecumenical Temple.
  3367 | D:5      | 3367 ||| PLANNING TEMPLE
  3374 | Temple   | Entered the Ecumenical Temple
  3376 | Temple   | 3376 ||| PLANNING OKAWARU WORSHIP
  3501 | Temple   | Became a worshipper of Warmaster Okawaru
  3502 | Temple   | 3502 ||| PLANNING D:1-11
  3643 | D:5      | HP: 11/49 [gnoll sergeant/+0 trident (10)]
  3660 | D:5      | 3660 ||| Stepping ~*~*~tactically~*~*~ (stealth).
  3711 | D:5      | 3711 ||| Stepping ~*~*~tactically~*~*~ (stealth).
  3724 | D:5      | 3724 ||| Stepping ~*~*~tactically~*~*~ (stealth).
  3823 | D:5      | 3823 ||| Stepping ~*~*~tactically~*~*~ (stealth).
  3842 | D:5      | 3842 ||| READING 3 scrolls labelled VEAJYJ CARUTZ.
  3843 | D:5      | 3843 ||| READING 2 scrolls of identify.
  3843 | D:5      | 3843 ||| IDENTIFYING fizzy emerald potion
  3843 | D:5      | Noticed Sigmund
  3844 | D:5      | 3844 ||| FLEEEEING.
  3845 | D:5      | 3845 ||| FLEEEEING.
  3846 | D:5      | 3846 ||| FLEEEEING.
  3847 | D:5      | 3847 ||| FLEEEEING.
  3848 | D:5      | 3848 ||| FLEEEEING.
  3849 | D:5      | 3849 ||| FLEEEEING.
  3850 | D:5      | 3850 ||| FLEEEEING.
  3851 | D:5      | 3851 ||| FLEEEEING.
  3852 | D:5      | 3852 ||| FLEEEEING.
  3853 | D:5      | 3853 ||| FLEEEEING.
  3854 | D:5      | 3854 ||| FLEEEEING.
  3863 | D:5      | 3863 ||| STAIRDANCE
  3865 | D:4      | 3865 ||| DROPPING 2 scrolls of noise.
  3868 | D:5      | 3868 ||| STAIRDANCE
  3872 | D:5      | 3872 ||| STAIRDANCE
  3874 | D:4      | 3874 ||| DRINKING potion of curing.
  3874 | D:4      | 3874 ||| (to cure confusion)
  3877 | D:5      | 3877 ||| STAIRDANCE
  3881 | D:5      | 3881 ||| STAIRDANCE
  3885 | D:5      | 3885 ||| STAIRDANCE
  3889 | D:5      | 3889 ||| STAIRDANCE
  3891 | D:5      | 3891 ||| STAIRDANCE
  3893 | D:5      | 3893 ||| STAIRDANCE
  3911 | D:5      | 3911 ||| STAIRDANCE
  3915 | D:5      | 3915 ||| STAIRDANCE
  3919 | D:5      | 3919 ||| STAIRDANCE
  3923 | D:5      | 3923 ||| STAIRDANCE
  3927 | D:5      | 3927 ||| STAIRDANCE
  3931 | D:5      | 3931 ||| STAIRDANCE
  3933 | D:5      | 3933 ||| STAIRDANCE
  3939 | D:5      | 3939 ||| STAIRDANCE
  3943 | D:5      | 3943 ||| STAIRDANCE
  3947 | D:5      | 3947 ||| STAIRDANCE
  3949 | D:5      | 3949 ||| STAIRDANCE
  3957 | D:5      | 3957 ||| FLEEEEING.
  3963 | D:5      | Killed Sigmund
  3963 | D:5      | Reached * piety under Okawaru
  4012 | D:4      | 4012 ||| READING scroll of enchant armour.
  4012 | D:4      | 4012 ||| ENCHANTING +0 pair of gloves.
  4117 | D:5      | 4117 ||| INVOKING Heroism.
  4426 | D:5      | Reached skill level 1 in Invocations
  4514 | D:5      | 4514 ||| READING 2 scrolls of identify.
  4514 | D:5      | 4514 ||| IDENTIFYING ruby potion
  4547 | D:6      | Noticed Menkaure
  4548 | D:6      | 4548 ||| INVOKING Heroism.
  4549 | D:6      | 4549 ||| INVOKING Heroism.
  4556 | D:6      | Killed Menkaure
  4557 | D:6      | Reached skill level 6 in Fighting
  4557 | D:6      | Reached XP level 9. HP: 56/56 MP: 10/10
  4582 | D:6      | Noticed Duvessa
  4592 | D:6      | 4592 ||| INVOKING Heroism.
  4606 | D:6      | Killed Duvessa
  4732 | D:6      | Noticed Edmund
  4733 | D:6      | 4733 ||| INVOKING Heroism.
  4747 | D:6      | Killed Edmund
  4833 | D:6      | 4833 ||| INVOKING Heroism.
  4840 | D:6      | Reached skill level 9 in Axes
  4868 | D:6      | Noticed Dowan
  4869 | D:6      | 4869 ||| Stepping ~*~*~tactically~*~*~ (stealth).
  4871 | D:6      | 4871 ||| Stepping ~*~*~tactically~*~*~ (hiding).
  4872 | D:6      | 4872 ||| INVOKING Heroism.
  4881 | D:6      | Killed Dowan
  4931 | D:6      | 4931 ||| Stepping ~*~*~tactically~*~*~ (stealth).
  4942 | D:6      | 4942 ||| Stepping ~*~*~tactically~*~*~ (stealth).
  5081 | D:6      | 5081 ||| DROPPING +1 heavy mace.
  5130 | D:6      | 5130 ||| Stepping ~*~*~tactically~*~*~ (stealth).
  5134 | D:6      | 5134 ||| Stepping ~*~*~tactically~*~*~ (stealth).
  5136 | D:6      | 5136 ||| Stepping ~*~*~tactically~*~*~ (stealth).
  5145 | D:6      | Reached skill level 6 in Armour
  5145 | D:6      | Reached skill level 3 in Invocations
  5369 | D:6      | 5369 ||| Stepping ~*~*~tactically~*~*~ (stealth).
  5370 | D:6      | 5370 ||| Stepping ~*~*~tactically~*~*~ (stealth).
  5371 | D:6      | 5371 ||| Stepping ~*~*~tactically~*~*~ (stealth).
  5377 | D:6      | 5377 ||| INVOKING Heroism.
  5564 | D:6      | 5564 ||| READING scroll labelled GONOUM MAJYWK.
  5565 | D:6      | 5565 ||| READING scroll labelled AHOVIQ GOXU.
  5679 | D:7      | 5679 ||| Stepping ~*~*~tactically~*~*~ (stealth).
  5681 | D:7      | 5681 ||| Stepping ~*~*~tactically~*~*~ (hiding).
  5749 | D:7      | HP: 8/56 [something (8)]
  5751 | D:7      | Killed an unseen horror
  6089 | D:7      | 6089 ||| Stepping ~*~*~tactically~*~*~ (hiding).
  6090 | D:7      | 6090 ||| Stepping ~*~*~tactically~*~*~ (hiding).
  6092 | D:7      | 6092 ||| INVOKING Heroism.
  6120 | D:7      | Reached XP level 10. HP: 49/63 MP: 13/13
  6168 | D:7      | 6168 ||| DROPPING +0 flail.
  6174 | D:7      | 6174 ||| READING scroll of enchant armour.
  6174 | D:7      | 6174 ||| ENCHANTING +1 pair of gloves.
  6204 | D:7      | Found a stormy altar of Qazlal.
  6329 | D:7      | 6329 ||| INVOKING Heroism.
  6508 | D:7      | 6508 ||| READING scroll labelled LORAXA ODISHRI.
  6509 | D:7      | 6509 ||| DRINKING 2 blue potions.
  6509 | D:7      | Reached XP level 11. HP: 67/67 MP: 14/14
  6510 | D:7      | 6510 ||| DRINKING potion of experience.
  6510 | D:7      | Reached XP level 12. HP: 81/81 MP: 15/15
  6550 | D:8      | 6550 ||| Stepping ~*~*~tactically~*~*~ (stealth).
  6674 | D:8      | 6674 ||| Stepping ~*~*~tactically~*~*~ (stealth).
  6689 | D:8      | 6689 ||| Stepping ~*~*~tactically~*~*~ (hiding).
  6704 | D:8      | 6704 ||| Stepping ~*~*~tactically~*~*~ (hiding).
  6705 | D:8      | 6705 ||| Stepping ~*~*~tactically~*~*~ (hiding).
  7233 | D:8      | 7233 ||| Stepping ~*~*~tactically~*~*~ (stealth).
  7272 | D:8      | 7272 ||| SWAPPING to +2 heavy war axe.
  7273 | D:8      | 7273 ||| DROPPING +1 war axe.
  7299 | D:8      | Noticed Gastronok
  7300 | D:8      | 7300 ||| INVOKING Heroism.
  7310 | D:8      | Killed Gastronok
  7366 | D:8      | 7366 ||| DRINKING 3 potions of curing.
  7366 | D:8      | 7366 ||| (to cure confusion)
  7424 | D:8      | Noticed Joseph
  7425 | D:8      | 7425 ||| Stepping ~*~*~tactically~*~*~ (hiding).
  7437 | D:8      | Killed Joseph
  7625 | D:8      | 7625 ||| Stepping ~*~*~tactically~*~*~ (water).
  8082 | D:8      | 8082 ||| DROPPING amulet of magic regeneration.
  8083 | D:8      | 8083 ||| DRINKING 3 purple potions.
  8084 | D:8      | 8084 ||| READING 3 scrolls of identify.
  8084 | D:8      | 8084 ||| IDENTIFYING white potion
  8085 | D:8      | 8085 ||| READING 2 scrolls of identify.
  8085 | D:8      | 8085 ||| IDENTIFYING coppery potion
  8086 | D:8      | 8086 ||| DROPPING potion of brilliance.
  8152 | D:9      | Identified the +4 cloak of Baldness {rPois Stlth+}
  8403 | D:9      | 8403 ||| INVOKING Heroism.
  8413 | D:9      | Reached skill level 1 in Throwing
  8549 | D:9      | 8549 ||| Stepping ~*~*~tactically~*~*~ (hiding).
  8552 | D:9      | 8552 ||| Stepping ~*~*~tactically~*~*~ (hiding).
  8555 | D:9      | 8555 ||| DRINKING 2 potions of curing.
  8555 | D:9      | 8555 ||| (to cure confusion)
  8609 | D:9      | 8609 ||| Stepping ~*~*~tactically~*~*~ (hiding).
  8751 | D:9      | 8751 ||| Stepping ~*~*~tactically~*~*~ (stealth).
  8752 | D:9      | 8752 ||| Stepping ~*~*~tactically~*~*~ (stealth).
  8766 | D:9      | 8766 ||| INVOKING Heroism.
  9273 | D:9      | 9273 ||| UPGRADING to +4 cloak of Baldness {rPois Stlth+}.
  9283 | D:9      | 9283 ||| DROPPING +2 cloak.
  9284 | D:9      | 9284 ||| READING scroll labelled ZEXALA PEHE.
  9285 | D:9      | 9285 ||| READING 2 scrolls of identify.
  9285 | D:9      | 9285 ||| IDENTIFYING fizzy puce potion
  9297 | D:10     | Entered Level 10 of the Dungeon
  9303 | D:10     | 9303 ||| STAIRDANCE
  9309 | D:9      | 9309 ||| INVOKING Heroism.
  9426 | D:10     | 9426 ||| INVOKING Heroism.
  9431 | D:10     | Noticed a two-headed ogre
  9437 | D:10     | Killed a two-headed ogre
  9438 | D:10     | Reached skill level 3 in Dodging
  9560 | D:10     | Identified the +11 dagger "Feob" {heavy, rElec Will+++ MP+9
                  | Int-5}
  9607 | D:10     | 9607 ||| Stepping ~*~*~tactically~*~*~ (hiding).
  9608 | D:10     | 9608 ||| Stepping ~*~*~tactically~*~*~ (hiding).
  9610 | D:10     | 9610 ||| Stepping ~*~*~tactically~*~*~ (hiding).
  9725 | D:10     | 9725 ||| READING scroll of enchant weapon.
  9725 | D:10     | 9725 ||| ENCHANTING +2 heavy war axe.
  9826 | D:10     | Reached skill level 6 in Shields
  9945 | D:10     | Identified the +12 short sword "Edwomiag" {spect, +Blink
                  | Str-4 SInv}
  9956 | D:10     | 9956 ||| Stepping ~*~*~tactically~*~*~ (hiding).
  9962 | D:10     | 9962 ||| Stepping ~*~*~tactically~*~*~ (hiding).
  9970 | D:10     | 9970 ||| Stepping ~*~*~tactically~*~*~ (hiding).
 10403 | D:10     | Reached ** piety under Okawaru
 10445 | D:10     | 10445 ||| READING scroll labelled AVVOGOCVIE.
 10446 | D:10     | 10446 ||| READING 2 scrolls of identify.
 10446 | D:10     | 10446 ||| IDENTIFYING viscous black potion
 10447 | D:10     | 10447 ||| DROPPING potion of berserk rage.
 10531 | D:11     | 10531 ||| Stepping ~*~*~tactically~*~*~ (hiding).
 10664 | D:11     | 10664 ||| DRINKING 2 potions of curing.
 10664 | D:11     | 10664 ||| (to cure confusion)
 10705 | D:11     | 10705 ||| Stepping ~*~*~tactically~*~*~ (stealth).
 10706 | D:11     | 10706 ||| Stepping ~*~*~tactically~*~*~ (stealth).
 10711 | D:11     | Reached skill level 3 in Throwing
 10737 | D:11     | Noticed a two-headed ogre
 10740 | D:11     | Killed a two-headed ogre
 10767 | D:11     | 10767 ||| INVOKING Heroism.
 10775 | D:11     | Reached skill level 9 in Armour
 10900 | D:11     | Noticed a boulder beetle
 10901 | D:11     | 10901 ||| INVOKING Heroism.
 10911 | D:11     | Killed a boulder beetle
 11094 | D:11     | Found a staircase to the Orcish Mines.
 11110 | D:11     | Noticed Amaemon
 11111 | D:11     | 11111 ||| INVOKING Heroism.
 11118 | D:11     | Killed Amaemon
 11119 | D:11     | Reached XP level 13. HP: 73/85 MP: 16/16
 11251 | D:11     | 11251 ||| INVOKING Heroism.
 11363 | D:11     | 11363 ||| INVOKING Heroism.
 11364 | D:11     | Found a staircase to the Lair.
 11642 | D:11     | 11642 ||| Stepping ~*~*~tactically~*~*~ (hiding).
 11646 | D:11     | 11646 ||| Stepping ~*~*~tactically~*~*~ (hiding).
 11824 | D:11     | 11824 ||| PLANNING LAIR
 11824 | D:11     | 11824 ||| UPGRADING to ring of willpower.
 11880 | Lair:1   | Entered Level 1 of the Lair of Beasts
 11893 | Lair:1   | Noticed Erica
 11894 | Lair:1   | 11894 ||| INVOKING Heroism.
 11907 | Lair:1   | Killed Erica
 11911 | Lair:1   | 11911 ||| Stepping ~*~*~tactically~*~*~ (stealth).
 11912 | Lair:1   | 11912 ||| Stepping ~*~*~tactically~*~*~ (stealth).
 11972 | Lair:1   | 11972 ||| INVOKING Heroism.
 12065 | Lair:1   | 12065 ||| Stepping ~*~*~tactically~*~*~ (stealth).
 12066 | Lair:1   | 12066 ||| Stepping ~*~*~tactically~*~*~ (stealth).
 12067 | Lair:1   | 12067 ||| Stepping ~*~*~tactically~*~*~ (stealth).
 12095 | Lair:1   | 12095 ||| INVOKING Heroism.
 12161 | Lair:1   | Reached *** piety under Okawaru
 12162 | Lair:1   | 12162 ||| Stepping ~*~*~tactically~*~*~ (hiding).
 12163 | Lair:1   | 12163 ||| Stepping ~*~*~tactically~*~*~ (hiding).
 12187 | Lair:1   | Found a dark tunnel.
 12225 | Lair:1   | Found an ornate altar of the Wu Jian Council.
 12314 | Lair:1   | 12314 ||| INVOKING Heroism.
 12315 | Lair:1   | 12315 ||| Stepping ~*~*~tactically~*~*~ (stealth).
 12742 | Lair:1   | 12742 ||| DROPPING ring of wizardry.
 12839 | Lair:2   | 12839 ||| INVOKING Heroism.
 12947 | Lair:2   | 12947 ||| INVOKING Heroism.
 12949 | Lair:2   | 12949 ||| Stepping ~*~*~tactically~*~*~ (stealth).
 13138 | Lair:2   | 13138 ||| INVOKING Heroism.
 13143 | Lair:2   | 13143 ||| SWAPPING to -1 demon whip of venom.
 13153 | Lair:2   | 13153 ||| SWAPPING to +3 heavy war axe.
 13247 | Lair:2   | 13247 ||| READING scroll of enchant weapon.
 13247 | Lair:2   | 13247 ||| ENCHANTING +3 heavy war axe.
 13248 | Lair:2   | Identified the ring of Hoamycia {MP+9 Slay+5}
 13579 | Lair:2   | 13579 ||| UPGRADING to ring of Hoamycia {MP+9 Slay+5}.
 13618 | Lair:2   | 13618 ||| DROPPING ring of willpower.
 13619 | Lair:2   | 13619 ||| READING scroll labelled EHOIVV WALIOSI.
 13750 | Lair:3   | 13750 ||| Stepping ~*~*~tactically~*~*~ (stealth).
 13877 | Lair:3   | Reached skill level 15 in Axes
 13944 | Lair:3   | Reached skill level 12 in Fighting
 13950 | Lair:3   | 13950 ||| Stepping ~*~*~tactically~*~*~ (stealth).
 13953 | Lair:3   | 13953 ||| Stepping ~*~*~tactically~*~*~ (stealth).
 13954 | Lair:3   | 13954 ||| Stepping ~*~*~tactically~*~*~ (stealth).
 13959 | Lair:3   | Reached **** piety under Okawaru
 14149 | Lair:3   | Found a hole to the Spider Nest.
 14153 | Lair:3   | 14153 ||| DROPPING orb of light.
 14215 | Lair:3   | 14215 ||| FLEEEEING.
 14291 | Lair:3   | 14291 ||| READING 5 scrolls of identify.
 14291 | Lair:3   | 14291 ||| IDENTIFYING cyan potion
 14292 | Lair:3   | 14292 ||| DROPPING potion of invisibility.
 14346 | Lair:3   | 14346 ||| INVOKING Heroism.
 14515 | Lair:3   | Identified the +9 sling "Giant's Demise" {flame, rC+}
 14606 | Lair:3   | 14606 ||| Stepping ~*~*~tactically~*~*~ (stealth).
 14607 | Lair:3   | 14607 ||| Stepping ~*~*~tactically~*~*~ (stealth).
 14612 | Lair:3   | 14612 ||| Stepping ~*~*~tactically~*~*~ (stealth).
 14613 | Lair:3   | 14613 ||| Stepping ~*~*~tactically~*~*~ (stealth).
 14916 | Lair:3   | Found a staircase to the Shoals.
 14921 | Lair:3   | 14921 ||| INVOKING Heroism.
 15277 | Lair:4   | 15277 ||| INVOKING Heroism.
 15354 | Lair:4   | 15354 ||| Stepping ~*~*~tactically~*~*~ (stealth).
 15355 | Lair:4   | 15355 ||| Stepping ~*~*~tactically~*~*~ (stealth).
 15359 | Lair:4   | Received a gift from Okawaru
 15360 | Lair:4   | Reached skill level 6 in Invocations
 15366 | Lair:4   | 15366 ||| FLEEEEING.
 15368 | Lair:4   | 15368 ||| FLEEEEING.
 15369 | Lair:4   | 15369 ||| FLEEEEING.
 15424 | Lair:4   | 15424 ||| Stepping ~*~*~tactically~*~*~ (stealth).
 15426 | Lair:4   | 15426 ||| INVOKING Heroism.
 15427 | Lair:4   | 15427 ||| Stepping ~*~*~tactically~*~*~ (stealth).
 15435 | Lair:4   | Gained mutation: Your large and strong wings let you fly.
                  | [Gargoyle growth]
 15435 | Lair:4   | Reached XP level 14. HP: 78/92 MP: 18/18
 15546 | Lair:4   | 15546 ||| Stepping ~*~*~tactically~*~*~ (stealth).
 15547 | Lair:4   | 15547 ||| Stepping ~*~*~tactically~*~*~ (stealth).
 15658 | Lair:4   | Identified the +1 robe of Negligence {Drain rC+ Str+2
                  | Dex+2}
 15707 | Lair:4   | Identified the +3 leather armour of the Villain {Dex+3}
 15716 | Lair:4   | 15716 ||| INVOKING Heroism.
 15720 | Lair:4   | 15720 ||| SWAPPING to -1 demon whip of venom.
 15729 | Lair:4   | 15729 ||| SWAPPING to +4 spectral war axe.
 15871 | Lair:4   | Reached ***** piety under Okawaru
 15878 | Lair:4   | Identified the +1 leather armour "Ymaibo" {Dex+3 Slay+3}
 15889 | Lair:4   | Received a gift from Okawaru
 16004 | Lair:4   | Noticed Rupert
 16005 | Lair:4   | 16005 ||| INVOKING Heroism.
 16015 | Lair:4   | Killed Rupert
 16483 | Lair:5   | Entered Level 5 of the Lair of Beasts
 16556 | Lair:5   | 16556 ||| Stepping ~*~*~tactically~*~*~ (stealth).
 16597 | Lair:5   | 16597 ||| Stepping ~*~*~tactically~*~*~ (stealth).
 16622 | Lair:5   | Received a gift from Okawaru
 16623 | Lair:5   | Reached skill level 9 in Invocations
 16629 | Lair:5   | Received a gift from Okawaru
 16756 | Lair:5   | 16756 ||| Stepping ~*~*~tactically~*~*~ (stealth).
 16758 | Lair:5   | 16758 ||| Stepping ~*~*~tactically~*~*~ (stealth).
 16775 | Lair:5   | 16775 ||| INVOKING Heroism.
 16776 | Lair:5   | 16776 ||| INVOKING Finesse.
 16790 | Lair:5   | 16790 ||| Stepping ~*~*~tactically~*~*~ (stealth).
 16825 | Lair:5   | 16825 ||| Stepping ~*~*~tactically~*~*~ (stealth).
 17006 | Lair:5   | Received a gift from Okawaru
 17021 | Lair:5   | 17021 ||| DROPPING +0 morningstar.
 17022 | Lair:5   | 17022 ||| DROPPING -1 demon whip of venom.
 17053 | Lair:5   | 17053 ||| INVOKING Heroism.
 17097 | Lair:5   | 17097 ||| UPGRADING to +3 plate armour of willpower.
 17173 | Lair:5   | 17173 ||| UPGRADING to +1 chain mail of cold resistance.
 17178 | Lair:5   | 17178 ||| UPGRADING to +0 plate armour.
 17188 | Lair:5   | 17188 ||| UPGRADING to +3 plate armour of willpower.
 17198 | Lair:5   | 17198 ||| DROPPING +0 plate armour.
 17221 | Lair:5   | 17221 ||| Stepping ~*~*~tactically~*~*~ (stealth).
 17223 | Lair:5   | 17223 ||| Stepping ~*~*~tactically~*~*~ (stealth).
 17253 | Lair:5   | 17253 ||| Stepping ~*~*~tactically~*~*~ (stealth).
 17263 | Lair:5   | 17263 ||| INVOKING Heroism.
 17323 | Lair:5   | 17323 ||| Stepping ~*~*~tactically~*~*~ (stealth).
 17324 | Lair:5   | 17324 ||| Stepping ~*~*~tactically~*~*~ (stealth).
 17332 | Lair:5   | Reached XP level 15. HP: 87/97 MP: 22/22
 17502 | Lair:5   | 17502 ||| Stepping ~*~*~tactically~*~*~ (stealth).
 17679 | Lair:5   | 17679 ||| INVOKING Heroism.
 17770 | Lair:5   | Found a viscous altar of Jiyva.
 17773 | Lair:5   | Found a staircase to the Slime Pits.
 17784 | Lair:5   | 17784 ||| PLANNING D
 17784 | Lair:5   | 17784 ||| DROPPING +1 chain mail of cold resistance.
 17785 | Lair:5   | 17785 ||| UPGRADING to +7 crystal plate armour of
                  | ponderousness.
 17795 | Lair:5   | 17795 ||| DROPPING +3 plate armour of willpower.
 18117 | D:12     | 18117 ||| DRINKING 6 potions of curing.
 18117 | D:12     | 18117 ||| (to cure confusion)
 18118 | D:12     | 18118 ||| Stepping ~*~*~tactically~*~*~ (hiding).
 18147 | D:12     | 18147 ||| READING scroll of enchant armour.
 18147 | D:12     | 18147 ||| ENCHANTING +7 crystal plate armour of
                  | ponderousness.
 18267 | D:12     | 18267 ||| Stepping ~*~*~tactically~*~*~ (hiding).
 18268 | D:12     | 18268 ||| Stepping ~*~*~tactically~*~*~ (hiding).
 18362 | D:12     | 18362 ||| DROPPING +6 ring of intelligence.
 18363 | D:12     | 18363 ||| READING 7 scrolls of identify.
 18363 | D:12     | 18363 ||| IDENTIFYING clear potion
 18364 | D:12     | 18364 ||| DROPPING potion of degeneration.
 18497 | D:13     | 18497 ||| Stepping ~*~*~tactically~*~*~ (hiding).
 18498 | D:13     | 18498 ||| Stepping ~*~*~tactically~*~*~ (hiding).
 18549 | D:13     | Reached skill level 12 in Armour
 18574 | D:13     | Found a frozen archway.
 18661 | D:13     | 18661 ||| Stepping ~*~*~tactically~*~*~ (hiding).
 18662 | D:13     | 18662 ||| Stepping ~*~*~tactically~*~*~ (hiding).
 18798 | D:13     | 18798 ||| Stepping ~*~*~tactically~*~*~ (hiding).
 18997 | D:13     | 18997 ||| Stepping ~*~*~tactically~*~*~ (stealth).
 19060 | D:13     | 19060 ||| Stepping ~*~*~tactically~*~*~ (hiding).
 19068 | D:13     | 19068 ||| INVOKING Heroism.
 19075 | D:13     | Received a gift from Okawaru
 19116 | D:13     | Found a gate to the Vaults.
 19117 | D:13     | 19117 ||| INVOKING Heroism.
 19236 | D:13     | 19236 ||| Stepping ~*~*~tactically~*~*~ (hiding).
 19237 | D:13     | 19237 ||| Stepping ~*~*~tactically~*~*~ (hiding).
 19239 | D:13     | 19239 ||| Stepping ~*~*~tactically~*~*~ (hiding).
 19240 | D:13     | 19240 ||| Stepping ~*~*~tactically~*~*~ (hiding).
 19267 | D:13     | 19267 ||| READING scroll labelled WOREOTHRIURY.
 19300 | D:14     | Noticed Jorgrun
 19301 | D:14     | 19301 ||| INVOKING Heroism.
 19307 | D:14     | Killed Jorgrun
 19324 | D:14     | 19324 ||| Stepping ~*~*~tactically~*~*~ (hiding).
 19345 | D:14     | 19345 ||| Stepping ~*~*~tactically~*~*~ (hiding).
 19357 | D:14     | 19357 ||| Stepping ~*~*~tactically~*~*~ (stealth).
 19359 | D:14     | 19359 ||| Stepping ~*~*~tactically~*~*~ (hiding).
 19365 | D:14     | 19365 ||| INVOKING Heroism.
 19403 | D:14     | 19403 ||| INVOKING Heroism.
 19441 | D:14     | Received a gift from Okawaru
 19461 | D:14     | Identified the staff "Vuxtuag" {Int+2 SInv Conj}
 19468 | D:14     | Identified the staff "Otse Cost" {rPois Will+ Poison}
 19558 | D:14     | 19558 ||| INVOKING Heroism.
 19559 | D:14     | 19559 ||| Stepping ~*~*~tactically~*~*~ (hiding).
 19560 | D:14     | 19560 ||| Stepping ~*~*~tactically~*~*~ (hiding).
 19561 | D:14     | 19561 ||| INVOKING Finesse.
 19607 | D:14     | HP: 23/98 [centaur/+0 shortbow[a boggart] (5)]
 19608 | D:14     | 19608 ||| READING 4 scrolls of teleportation.
 19609 | D:14     | 19609 ||| DRINKING 6 potions of heal wounds.
 19929 | D:14     | 19929 ||| INVOKING Heroism.
 19930 | D:14     | 19930 ||| INVOKING Finesse.
 19987 | D:14     | 19987 ||| Stepping ~*~*~tactically~*~*~ (hiding).
 20032 | D:14     | 20032 ||| READING scroll labelled YRIUG NAXU.
 20165 | D:15     | Entered Level 15 of the Dungeon
 20179 | D:15     | Reached skill level 15 in Armour
 20186 | D:15     | 20186 ||| Stepping ~*~*~tactically~*~*~ (stealth).
 20238 | D:15     | 20238 ||| Stepping ~*~*~tactically~*~*~ (stealth).
 20247 | D:15     | 20247 ||| FLEEEEING.
 20249 | D:15     | 20249 ||| FLEEEEING.
 20251 | D:15     | 20251 ||| FLEEEEING.
 20252 | D:15     | 20252 ||| STAIRDANCE
 20286 | D:15     | 20286 ||| STAIRDANCE
 20327 | D:15     | 20327 ||| STAIRDANCE
 20407 | D:15     | 20407 ||| Stepping ~*~*~tactically~*~*~ (hiding).
 20503 | D:15     | Found a blossoming altar of Fedhas.
 20537 | D:15     | Identified the -2 pair of gloves of Okawaru's Envy {rPois
                  | rN+} (Okawaru gifted it to you on level 15 of the Dungeon)
 20537 | D:15     | Received a gift from Okawaru
 20538 | D:15     | Reached skill level 9 in Shields
 20558 | D:15     | 20558 ||| Stepping ~*~*~tactically~*~*~ (stealth).
 20566 | D:15     | 20566 ||| DROPPING +1 broad axe of venom.
 20641 | D:15     | Reached XP level 16. HP: 104/104 MP: 23/23
 20676 | D:15     | 20676 ||| INVOKING Heroism.
 20841 | D:15     | Found a runed translucent gate.
 20841 | D:15     | Found a runed translucent gate.
 20841 | D:15     | Found a runed translucent gate.
 20854 | D:15     | 20854 ||| Stepping ~*~*~tactically~*~*~ (hiding).
 20910 | D:15     | 20910 ||| Stepping ~*~*~tactically~*~*~ (hiding).
 20914 | D:15     | 20914 ||| INVOKING Heroism.
 20917 | D:15     | 20917 ||| Stepping ~*~*~tactically~*~*~ (hiding).
 20921 | D:15     | 20921 ||| Stepping ~*~*~tactically~*~*~ (hiding).
 21005 | D:15     | 21005 ||| READING scroll of enchant weapon.
 21005 | D:15     | 21005 ||| ENCHANTING +4 spectral war axe.
 21025 | D:15     | 21025 ||| Stepping ~*~*~tactically~*~*~ (stealth).
 21155 | D:15     | Found a staircase to the Depths.
 21156 | D:15     | 21156 ||| INVOKING Heroism.
 21321 | D:15     | 21321 ||| Stepping ~*~*~tactically~*~*~ (stealth).
 21428 | D:15     | Noticed Kefanin's ghost (adept GrEE)
 21552 | D:15     | 21552 ||| PLANNING ORC
 21552 | D:15     | 21552 ||| DROPPING -2 pair of gloves of Okawaru's Envy
                  | {rPois rN+}.
 21553 | D:15     | 21553 ||| UPGRADING to +0 kite shield of poison resistance.
 21563 | D:15     | 21563 ||| DROPPING +0 buckler.
 21564 | D:15     | 21564 ||| READING scroll labelled GELEASTRI NISY.
 21565 | D:15     | 21565 ||| READING 10 scrolls of identify.
 21565 | D:15     | 21565 ||| IDENTIFYING brown potion
 21703 | Orc:1    | Entered Level 1 of the Orcish Mines
 21711 | Orc:1    | 21711 ||| STAIRDANCE
 21788 | Orc:1    | 21788 ||| DRINKING 7 potions of curing.
 21788 | Orc:1    | 21788 ||| (to cure confusion)
 21789 | Orc:1    | 21789 ||| DRINKING 6 potions of curing.
 21789 | Orc:1    | 21789 ||| (to cure confusion)
 21809 | Orc:1    | Found Tewk's Book Shop.
 21944 | Orc:2    | Entered Level 2 of the Orcish Mines
 21979 | Orc:1    | 21979 ||| INVOKING Heroism.
 21988 | Orc:1    | 21988 ||| DRINKING 5 potions of curing.
 21988 | Orc:1    | 21988 ||| (to cure confusion)
 22015 | Orc:1    | 22015 ||| INVOKING Heroism.
 22294 | Orc:2    | 22294 ||| Stepping ~*~*~tactically~*~*~ (stealth).
 22392 | Orc:2    | 22392 ||| Stepping ~*~*~tactically~*~*~ (hiding).
 22393 | Orc:2    | 22393 ||| Stepping ~*~*~tactically~*~*~ (hiding).
 22394 | Orc:2    | 22394 ||| Stepping ~*~*~tactically~*~*~ (hiding).
 22395 | Orc:2    | 22395 ||| Stepping ~*~*~tactically~*~*~ (hiding).
 22422 | Orc:2    | 22422 ||| Stepping ~*~*~tactically~*~*~ (stealth).
 22423 | Orc:2    | 22423 ||| Stepping ~*~*~tactically~*~*~ (stealth).
 22593 | Orc:2    | Found a staircase to the Elven Halls.
 22600 | Orc:2    | 22600 ||| Stepping ~*~*~tactically~*~*~ (hiding).
 22603 | Orc:2    | 22603 ||| INVOKING Heroism.
 22613 | Orc:2    | 22613 ||| DRINKING 4 potions of curing.
 22613 | Orc:2    | 22613 ||| (to cure confusion)
 22654 | Orc:2    | HP: 17/105 [orc priest/divine providence (11)]
 22655 | Orc:2    | 22655 ||| READING 8 scrolls of teleportation.
 22656 | Orc:2    | 22656 ||| DRINKING 6 potions of heal wounds.
 22659 | Orc:2    | 22659 ||| READING 7 scrolls of teleportation.
 22659 | Orc:2    | Killed from afar by an orc high priest

Levels and vault maps discovered:
D:1:      minmay_arrival_hallway, layout_loops_corners
D:2:      layout_rooms
D:3:      corexii_shack_village, layout_loops_ring, lemuel_crystal_altar,
          lemuel_round_altar, dk_noncrumbling_4
D:4:      layout_loops_ring, nicolae_overflow_hidden_temple, uniq_pikel,
          uniq_crazy_yiuf_cottage, uniq_ijyb, uniq_blork_the_orc
D:5:      layout_gridville, minmay_temple_entry_junction, minmay_starry_boxes,
          uniq_sigmund
D:6:      layout_basic, uniq_edmund, uniq_menkaure, uniq_duvessa
D:7:      layout_loops_ring, nicolae_qazlal_eye_of_the_storm
D:8:      minmay_inner_zag, layout_layer_cave, enter_bailey_4, uniq_gastronok,
          uniq_joseph
D:9:      layout_stronghold
D:10:     layout_grid_maze, special_room [special_room_orc]
D:11:     layout_irregular_city, dpeg_oklobed_lair, orc_0_dummy, uniq_amaemon
D:12:     layout_rooms, minivault_11
D:13:     layout_gridville, grunt_vaults_entry_fortified,
          portal_ice_cave_entry_pillars_1
D:14:     minmay_the_grid_square_5x5_3x3 [minmay_the_grid_square_5x5_eight,
          minmay_the_grid_square_5x5_detours,
          minmay_the_grid_square_5x5_minimal,
          minmay_the_grid_square_5x5_fancy_junction,
          minmay_the_grid_square_5x5_megaprize_crossed,
          minmay_the_grid_square_5x5_spiral_small,
          minmay_the_grid_square_5x5_checkered_sparse,
          minmay_the_grid_square_5x5_two, minmay_the_grid_square_5x5_empty],
          layout_rooms, nrook_campfire, grunt_decor_fettered, uniq_jorgrun
D:15:     hangedman_depths_entry_try_elsewhere_first, layout_loops_cross,
          gammafunk_ghost_necromancy, serial_bayou, serial_bayou_lagoon_a,
          serial_bayou_lake_a, serial_bayou_shore_a, serial_bayou_pond_b,
          hellmonk_bongcloud_opening, fedhas_altar_3
Temple:   nicolae_temple_two_arcs
Lair:1:   layout_chaotic_city, basic_altar, nicolae_volcano_entry_lava_flow,
          uniq_erica
Lair:2:   layout_gridlike, serial_bayou_lagoon_b
Lair:3:   layout_layer_cave, minmay_shoals_entry_hut,
          nicolae_spider_entry_tight_spaces
Lair:4:   layout_gridlike, hibernation_bobbens, grunt_megastairs_4,
          serial_bayou_shore_b, uniq_rupert
Lair:5:   minmay_lair_end_frog_pond, layout_gridlike, dpeg_slime_entry_corner,
          serial_forest, infiniplex_forest_lined_room_2,
          infiniplex_forest_zigzag_1, infiniplex_forest_diagonal,
          infiniplex_forest_end_3, infiniplex_forest_clump_diagonal,
          infiniplex_forest_lined_corner, infiniplex_forest_lined_room_2,
          dreamdust_deal_with_the_devil, infiniplex_staircase_pool_2
Orc:1:    layout_caves, serial_shops, shop
Orc:2:    st_orc_pillars, layout_diamond_mine, nicolae_orc_rich_vein

Skill      XL: |  1  2  3  4  5  6  7  8  9 10 11 12 13 14 15 16 |
---------------+-------------------------------------------------+-----
Axes           | 2 3 4 5 7 8 9 13 15 16 | 16.0
Dodging        | 1 2 3 4 |  4.2
Fighting       | 4 5 6 7 11 12 13 | 13.7
Armour         | 5 6 9 10 11 15 16 | 16.0
Invocations    | 1 4 6 10 | 10.0
Shields        | 4 6 7 8 9 10 | 10.1
Throwing       | 4 |  4.6

Action                     |  1- 3 |  4- 6 |  7- 9 | 10-12 | 13-15 | 16-18 || total
---------------------------+-------+-------+-------+-------+-------+-------++-------
  Melee: War axe           |    87 |   143 |   239 |   226 |   639 |   171 ||  1505
         Demon whip        |       |       |       |       |    16 |       ||    16
  Throw: Boomerang         |       |       |       |    31 |   102 |    33 ||   166
         Javelin           |       |       |       |    12 |    68 |       ||    80
 Invoke: Heroism           |       |       |     8 |     9 |    26 |     6 ||    49
         Finesse           |       |       |       |       |     3 |       ||     3
    Use: Scroll            |     7 |     1 |     6 |     9 |     8 |     5 ||    36
         Potion            |     1 |       |     2 |     6 |     2 |     5 ||    16
   Stab: Distracted        |       |       |       |       |     7 |     1 ||     8
 Armour: Scale mail        |    20 |       |       |       |       |       ||    20
         Chain mail        |    13 |    70 |    23 |       |       |       ||   106
         Plate armour      |       |       |   166 |   118 |   169 |       ||   453
         Skin              |       |       |       |       |     2 |       ||     2
         Crystal plate arm |       |       |       |       |   124 |   101 ||   225
  Dodge: Dodged            |    28 |    50 |    69 |    69 |   137 |    31 ||   384
  Block: Buckler           |    13 |    35 |    49 |    49 |   140 |    25 ||   311
         Kite shield       |       |       |       |       |       |    37 ||    37

Table legend:
 A = Non-vault XP
 B = Vault XP
 C = Vault XP percentage of total XP
 D = Non-vault monster count
 E = Vault monster count
 F = Vault count percentage of total count
                 A         B        C        D         E       F
            +---------+---------+-------+---------+---------+-------
      Total |   95598 |   41327 |  30.2 |     499 |     149 |  23.0
            +---------+---------+-------+---------+---------+-------
        D:1 |      43 |       0 |   0.0 |      26 |       0 |   0.0
        D:2 |      24 |       0 |   0.0 |       6 |       0 |   0.0
        D:3 |     121 |      11 |   8.3 |      30 |       5 |  14.3
        D:4 |     457 |     716 |  61.0 |      32 |       3 |   8.6
        D:5 |     268 |     622 |  69.9 |       8 |       8 |  50.0
        D:6 |     964 |     536 |  35.7 |      19 |       4 |  17.4
        D:7 |    1235 |       0 |   0.0 |      18 |       0 |   0.0
        D:8 |     557 |    2100 |  79.0 |      13 |      12 |  48.0
        D:9 |    3177 |       0 |   0.0 |      20 |       0 |   0.0
       D:10 |    2075 |     485 |  18.9 |      25 |      15 |  37.5
       D:11 |    5719 |    1740 |  23.3 |      21 |       3 |  12.5
       D:12 |    1849 |       0 |   0.0 |       7 |       0 |   0.0
       D:13 |    5698 |    6200 |  52.1 |      11 |      10 |  47.6
       D:14 |    7364 |    7862 |  51.6 |      27 |      11 |  28.9
       D:15 |   19456 |    5446 |  21.9 |      39 |       8 |  17.0
     Lair:1 |    6516 |     508 |   7.2 |      25 |       1 |   3.8
     Lair:2 |    2196 |       0 |   0.0 |       7 |       0 |   0.0
     Lair:3 |    5522 |    1625 |  22.7 |      21 |       8 |  27.6
     Lair:4 |   10985 |    3639 |  24.9 |      28 |       5 |  15.2
     Lair:5 |   15416 |    8800 |  36.3 |      45 |      33 |  42.3
      Orc:1 |    4196 |       0 |   0.0 |      46 |       0 |   0.0
      Orc:2 |    1760 |    1037 |  37.1 |      25 |      23 |  47.9
            +---------+---------+-------+---------+---------+-------
